Map: Ultralove

Players

KirillXD

  • Race: Protoss Protoss
  • League: Master
  • Spawn Location: 7:00

ManlyManMeat - Winner!

  • Race: Protoss Protoss
  • League: Master
  • Spawn Location: 1:00

VOD

Have the link to the VOD?

Description

Time

  • Played on: June 13, 2025, 4:53 p.m.
  • Length: 1:46
Show
View Real Time Build Order
Export as new Build Order

KirillXD Protoss 

Build Orders: Cannon Rush 

Get SALT Encoding   

  12  0:08  Pylon  
  12  0:13  Probe  
  13  0:30  Forge  
  13  0:40  Pylon  
  13  0:50  Probe  
  14  0:58  Probe  
  15  1:08  Probe  
  16  1:11  Photon Cannon  
  16  1:19  Photon Cannon  
  16  1:20  Probe  
  17  1:32  Photon Cannon  
  17  1:36  Photon Cannon  
Show
View Real Time Build Order
Export as new Build Order

ManlyManMeat Protoss - Winner!

Build Orders:  

Get SALT Encoding   

  12  0:00  Probe  
  13  0:12  Probe  
  14  0:20  Pylon  
  14  0:24  Probe  
  15  0:34  Probe  
  15  0:41  Gateway  
  16  0:54  Probe  
  17  1:11  Gateway  
  17  1:13  Probe  
  18  1:21  Probe  
Tags
 
Matchup
PvP
Spawn Locations
Cross Positions
Add a new tag
Caveats
  • Supply blocks, unpowered buildings, or Contaminate may cause inaccurate times.
  • Supply counts are checked every 10 seconds.